cohdb
Replays
Latest Replays
All Replays
Popular Replays
Top Player Replays
Match Explorer
How It Works
Community
CoH3 Stats
Reddit
Sign in to upload your games and track your stats! →
Sign in with Steam
Match 44175957
Unlisted
Match 44175957
Overview
Messages
Build Orders
End
Selects Special Operations Battlegroup
Selects M29 Weasel Recon Vehicle
M29 Weasel Recon Vehicle
Construct Barracks
Riflemen Squad
M1 Mortar Team
Riflemen Squad
Infantry Support Center
Selects Raiding Flares
Construct Medical Station
Scout Squad
Raiding Flares
Construct Motor Pool
Raiding Flares
M24 Chaffee Light Tank
Selects SSF Commando Squad
SSF Commando Squad
Engineer Squad
Raiding Flares
M24 Chaffee Light Tank
Raiding Flares
Selects P-47 Anti-Infantry Loiter
Construct Tank Depot
Raiding Flares
P-47 Anti-Infantry Loiter
Selects UNKNOWN (2162291)
M4A1 Sherman Whizbang
P-47 Anti-Infantry Loiter
Raiding Flares
M4A1 Sherman Medium Tank
P-47 Anti-Infantry Loiter
Dahlian
Bish Bash Bosh
Humbarwhy
jessyjames
|_THUNDER_|
Gonky
0
0
Comments
sign in to comment!
No comments posted yet!